 Dungeon Crawl Stone Soup version 0.30-a0-709-gcdc1b43e22 (webtiles) character file.

Game seed: 17920034477060950670

67463 M4edhros the Convoker (level 15, -1/89 HPs)
             Began as an Octopode Artificer on Jan 22, 2023.
             Was the Champion of Fedhas.
             Slain by a catoblepas (32 damage)
             ... on level 5 of the Lair of Beasts.
             The game lasted 01:24:55 (23002 turns).

M4edhros the Convoker (Octopode Artificer)         Turns: 23002, Time: 01:24:56

Health: -1/89      AC:  7    Str: 20    XL:     15   Next: 23%
Magic:  6/24       EV: 15    Int: 32    God:    Fedhas [******]
Gold:   1643       SH:  0    Dex: 18    Spells: 4/26 levels left

rFire   + . .      SeeInvis +    u - staff of air
rCold   . . .      Faith    .    (no shield)
rNeg    . . .      Spirit   .    S - +2 hat
rPois   .          Reflect  .    N - amulet of magic regeneration
rElec   +          Harm     .    e - +6 ring of intelligence
rCorr   .          Rampage  .    r - +6 ring of strength
Will    +....                    o - +4 ring of protection
Stlth   +++                      x - ring "Fitwusit" {Fire rElec Str-4 Int+5}
HPRegen 0.34/turn                j - ring of see invisible
MPRegen 0.59/turn                M - +6 ring of strength
                                 a - +6 ring of intelligence
                                 P - ring of protection from cold

@: about to teleport
A: almost no armour, amphibious, 8 rings, camouflage 1, gelatinous body 1,
(nimble swimmer 1), tentacles
a: Renounce Religion, Wall of Briars, Grow Ballistomycete, Overgrow, Grow Oklob


You were on level 5 of the Lair of Beasts.
You worshipped Fedhas.
Fedhas was exalted by your worship.
You visited 3 branches of the dungeon, and saw 21 of its levels.
You also visited: Gauntlet.

You collected 1846 gold pieces.
You spent 203 gold pieces at shops.

Inventory:

Hand Weapons
 t - a +2 dagger of protection
Missiles
 d - 5 silver javelins
 k - 20 poisoned darts
 C - 2 throwing nets
 X - 2 curare-tipped darts
Armour
 S - a +2 hat (worn)
 W - the +0 hat "Imarhem" {Will- Regen+ rCorr Dex+4}
   (You acquired it on level 8 of the Dungeon)

   Dex:       It affects your dexterity (+4).
   Regen:     It increases your rate of health regeneration.
   rCorr:     It protects you from acid and corrosion.
   Will:      It decreases your willpower.
Magical Staves
 u - a staff of air (weapon)
Jewellery
 a - a +6 ring of intelligence (on tentacle)
 e - a +6 ring of intelligence (left tentacle)
 g - a ring of poison resistance
 j - a ring of see invisible (on tentacle)
 o - a +4 ring of protection (on tentacle)
 r - a +6 ring of strength (right tentacle)
 x - the ring "Fitwusit" (on tentacle) {Fire rElec Str-4 Int+5}
   (You took it off a hobgoblin on level 4 of the Dungeon)

   [ring of fire]

   It enhances your fire magic.
   Str:       It affects your strength (-4).
   Int:       It affects your intelligence (+5).
   rF:        It protects you from fire.
   rC:        It makes you vulnerable to cold.
   rElec:     It insulates you from electricity.
 G - a ring of protection from cold
 J - a ring of resist corrosion
 M - a +6 ring of strength (on tentacle)
 N - an amulet of magic regeneration (around mantle)
 P - a ring of protection from cold (on tentacle)
 Z - an amulet of reflection
Wands
 b - a wand of flame (41) (quivered)
 c - a wand of charming (11)
 w - a wand of acid (3)
 A - a wand of mindburst (14)
 T - a wand of iceblast (3)
Scrolls
 f - 10 scrolls of teleportation
 h - a scroll of torment {unknown}
 y - 2 scrolls of enchant weapon
 z - 3 scrolls of identify
 H - a scroll of fear
 K - 3 scrolls of fog
 Q - a scroll of amnesia
 R - 3 scrolls of immolation
 U - 3 scrolls of vulnerability
 Y - a scroll of magic mapping
Potions
 i - 4 potions of brilliance
 l - 6 potions of flight
 m - a potion of resistance
 n - 6 potions of curing
 p - 4 potions of heal wounds
 q - 2 potions of ambrosia
 s - 3 potions of might
 v - 3 potions of haste
 B - a potion of cancellation {unknown}
 D - 3 potions of berserk rage
 E - 2 potions of attraction
 F - a potion of mutation {unknown}
 I - a potion of magic {unknown}
 L - 4 potions of invisibility
 O - 5 potions of lignification {unknown}
 V - 3 potions of degeneration {unknown}


   Skills:
 * Level 3.7 Fighting
 - Level 8.3 Staves
 - Level 7.4 Ranged Weapons
 * Level 4.4 Dodging
 - Level 1.3 Stealth
 - Level 2.2 Unarmed Combat
 - Level 6.0 Spellcasting
 - Level 18.0 Summonings
 - Level 7.0 Translocations
 - Level 7.0 Air Magic
 - Level 9.0 Invocations
 - Level 6.0 Evocations


You had 4 spell levels left.
You knew the following spells:

 Your Spells              Type           Power      Damage    Failure   Level
a - Summon Lightning Spi  Summ/Air       94%        N/A       1%          4
b - Summon Forest         Summ/Tloc      37%        N/A       1%          5
c - Wereblood             Tmut           9%         N/A       7%          2
d - Summon Hydra          Summ           45%        N/A       2%          7
e - Airstrike             Air            34%        2d(5-21)  2%          4

Your spell library contained the following spells:

 Spells                   Type           Power      Damage    Failure   Level
 Shock                    Conj/Air       100%       1d9       1%          1
 Blink                    Tloc           100%       N/A       1%          2
 Lesser Beckoning         Tloc           100%       N/A       1%          2
 Momentum Strike          Conj/Tloc      64%        3d9       1%          2
 Static Discharge         Conj/Air       96%        2-6/arc   1%          2
 Gell's Gravitas          Tloc           53%        N/A       1%          3
 Kindle Blastsparks       Fire/Tloc/Air  100%       2d18      1%          3
 Swiftness                Air            69%        N/A       1%          3
 Teleport Other           Tloc           53%        N/A       1%          3
 Vhi's Electric Charge    Tloc/Air       100%       N/A       1%          3
 Cigotuvi's Dreadful Rot  Necr/Pois/Air  72%        N/A       2%          2
 Beastly Appendage        Tmut           18%        N/A       4%          1
 Freeze                   Ice            36%        1d5       4%          1
 Kiss of Death            Conj/Necr      36%        2d8       4%          1
 Ensorcelled Hibernation  Hex/Ice        18%        N/A       7%          2
 Passwall                 Tmut/Erth      7%         N/A       7%          2
 Sublimation of Blood     Necr           9%         N/A       7%          2
 Confusing Touch          Hex            9%         N/A       14%         3
 Frozen Ramparts          Ice            18%        1d3       14%         3
 Hailstorm                Conj/Ice       9%         3d4       14%         3
 Ignite Poison            Fire/Tmut/Pois 14%        N/A       14%         3
 Spider Form              Tmut/Pois      9%         N/A       14%         3
 Animate Dead             Necr           9%         N/A       41%         4
 Dispel Undead            Necr           9%         3d8       41%         4
 Petrify                  Tmut/Erth      9%         N/A       41%         4
 Arcjolt                  Conj/Air       24%        1d34      30%         5
 Lightning Bolt           Conj/Air       24%        1d39      30%         5
 Freezing Cloud           Conj/Ice/Air   18%        6-21      45%         5
 Blade Hands              Tmut           4%         N/A       77%         5
 Borgnjor's Vile Clutch   Necr/Erth      4%         N/A       77%         5
 Irradiate                Conj/Tmut      4%         3d13      77%         5
 Death Channel            Necr           4%         N/A       100%        6
 Eringya's Noxious Bog    Tmut/Pois      4%         N/A       100%        6
 Iron Shot                Conj/Erth      4%         9d2       100%        6
 Storm Form               Tmut/Air       24%        N/A       100%        7
 Maxwell's Capacitive Co  Air            34%        ∞         100%        8
 Animate Armour           Summ/Erth      Unusable   N/A       N/A         4

Dungeon Overview and Level Annotations

Branches:
Dungeon (14/15)            Temple (0/1) D:7            Lair (5/5) D:8
  Swamp (0/4) Lair:2        Snake (0/4) Lair:3        Slime (0/5) Lair:4
    Orc (2/2) D:9         Gauntlet (visited)
    Elf: Orc:2       Vaults: D:13-14

Altars:
Elyvilon
Fedhas
Gozag
Hepliaklqana
Okawaru
Trog
Uskayaw
Wu Jian
Zin
Jiyva
Lugonu

Shops:
D:2 (   D:5 (   D:10 *   D:12 (

Annotations:
D:3 Grinder
D:4 1 runed translucent door, brujo666's ghost, amateur TrFi
D:13 1 transporter
Lair:4 1 runed translucent door
Orc:2 Rupert


Innate Abilities, Weirdness & Mutations

You cannot wear most types of armour.
You are amphibious.
You can wear up to eight rings at the same time.
Your skin changes colour to match your surroundings (Stealth+).
Your rubbery body absorbs attacks. (AC +1, EV +1)
((You are camouflaged when in or above water. (Stealth+)))
You have tentacles for arms and can constrict up to eight enemies at once.


Message History

A catoblepas comes into view.
A catoblepas is nearby!
A catoblepas is nearby!
A catoblepas is nearby!
Casting: Summon Hydra (dangerous; 2% risk of failure)
Confirm with . or Enter, or press ? or * to list all spells.
A six-headed hydra appears.
What are your orders? t - Shout!
Orders for allies: a - Attack new target. r - Retreat! s - Stop attacking. g - Guard the area. f - Follow me.
Anything else - Cancel.
Gang up on whom?
Press: ? - help, Dir - move target, f - catoblepas
Aim: a catoblepas (ally target, fire blocked by a granite statue) Attack!
Your lightning spire disappears in a puff of smoke!
You see here a yak corpse.
The catoblepas completely misses your six-headed hydra.
Your six-headed hydra bites the catoblepas. x2
Your six-headed hydra bites the catoblepas but does no damage.
Your six-headed hydra bites the catoblepas!
Your six-headed hydra bites the catoblepas.
Your six-headed hydra bites the catoblepas!
Your six-headed hydra disappears in a puff of smoke!
The catoblepas attacks as you move away!
The catoblepas closely misses you.
Okay, then.
The catoblepas attacks as you move away!
The catoblepas gores you!!
The catoblepas attacks as you move away!
The catoblepas gores you!!
Your magical contamination has completely faded away.
You see here a yak corpse.
Okay, then.
As you read the scroll of teleportation, it crumbles to dust.
You feel strangely unstable. The catoblepas gores you!!
You die...
Fedhas appreciates your contribution to the ecosystem.

########............
#######....8. ###
###.... ###P.#
###### ###..
#P....###....####
##...
...........8...P#
#..##
.P##.††..8....##
##### #..8....8.###
###. ##..8@8.....#
##..† ##.Y...##..##
###.†.#
#...P####..###P....#
##..## ##...÷÷...##
##.. ##..†###.##
..## #...## #..#
...# ##...# ##.†
##.## ###..## ##. #.
##...## ###.


You could see a catoblepas.

Vanquished Creatures
  A minotaur (Gauntlet)
  A catoblepas (Lair:1)
  A death yak (Lair:5)
  A hell hog (Gauntlet)
  An orc high priest (Orc:2)
  The ghost of Rrauwl the Skirmisher, a novice DrHu of Okawaru (D:8)
  Amaemon (D:10)
  A lindwurm (Lair:5)
  Pikel (D:8)
  2 ugly things
  3 manticores
  2 cyclopes
  Maurice (Orc:1)
  8 elephants
  3 cane toads
  Maggie (Lair:1)
  A komodo dragon (Lair:4)
  3 unseen horrors
  3 kobold demonologists (D:11)
  Prince Ribbit (D:7)
  3 blink frogs
  2 dream sheep
  Sigmund (D:4)
  A centaur simulacrum (Gauntlet)
  A shadow (D:12)
  2 wraiths
  A nameless horror (Gauntlet)
  A wyvern (Lair:1)
  A vampire (D:11)
  10 yaks
  A steam dragon (D:6)
  2 vampire mosquitoes
  Menkaure (D:5)
  A naga (Lair:3)
  An acid dragon (D:12)
  5 water moccasins
  2 orc warriors
  A sky beast (D:6)
  3 black bears
  4 ogres
  4 centaurs
  8 wolves
  A phantom (D:5)
  A kobold brigand (D:12)
  A gnoll sergeant (D:10)
  A necrophage (D:5)
  6 bullfrogs
  A water moccasin zombie (D:4)
  2 scorpions
  5 wights
  A killer bee (D:9)
  2 howler monkeys (D:7)
  3 orc priests
  A gnoll bouda (D:6)
  4 hounds
  A bullfrog skeleton (D:4)
  A scorpion zombie (D:4)
  8 orc wizards
  Terence (D:3)
  2 iguanas
  A hound skeleton (D:4)
  A hound zombie (D:4)
  5 gnolls
  3 adders
  2 white imps (D:6)
  An ufetubus (D:5)
  8 worms
  3 dart slugs
  19 orcs
  13 ball pythons
  5 bats
  6 endoplasms
  6 goblins
  4 hobgoblins
  17 jackals
  A quokka (D:4)
  3 training dummies (D:5)
  4 frilled lizards
  4 kobolds
  9 rats
250 creatures vanquished.

Vanquished Creatures (collateral kills)
  2 catoblepae
  2 hydras
  2 boulder beetles
  2 two-headed ogres
  12 death yaks (Lair:5)
  Urug (Lair:1)
  2 orc high priests (Orc:2)
  Sonja (Lair:1)
  2 lindwurms (Lair:5)
  An orc sorcerer (D:8)
  A cyclops (D:12)
  4 manticores
  A black mamba (Lair:2)
  16 elephants
  8 cane toads
  A gargoyle (D:12)
  An orange demon (D:10)
  A kobold demonologist (D:12)
  A rime drake (Lair:3)
  5 komodo dragons
  2 trolls (Orc:2)
  8 blink frogs
  7 dream sheep
  A wraith (D:9)
  3 fire bats (Gauntlet)
  7 wyverns
  48 yaks
  6 vampire mosquitoes
  6 basilisks
  A steam dragon (D:7)
  2 nagas (Lair:3)
  3 hell hounds (Gauntlet)
  4 water moccasins
  10 orc warriors
  10 wolves
  2 ogres (Orc:1)
  A centaur (D:9)
  3 lemures (D:8)
  A kobold brigand (D:12)
  2 nameless horrors
  2 bullfrogs
  A gnoll sergeant (D:8)
  4 wights
  3 killer bees (D:9)
  An electric eel (Lair:2)
  3 howler monkeys (D:8)
  14 orc priests
  A gnoll bouda (D:8)
  7 orc wizards
  10 gnolls
  17 orcs
  A jackal (D:1)
  A bat (D:1)
  4 kobolds (D:12)
  A ballistomycete spore (Lair:1)
263 creatures vanquished.

Vanquished Creatures (others)
  A centaur simulacrum (Gauntlet)
  An orc warrior (D:7)
  30 demonic plants
  34 fungi
  62 plants
  6 snaplasher vines
  9 withered plants
143 creatures vanquished.

Grand Total: 656 creatures vanquished

Notes
Turn   | Place    | Note
-------+----------+-------------------------------------------
     0 | D:1      | M4edhros the Octopode Artificer began the quest for the
                  | Orb.
     0 | D:1      | Reached XP level 1. HP: 13/13 MP: 1/1
    58 | D:1      | Reached skill level 1 in Unarmed Combat
   149 | D:2      | Reached XP level 2. HP: 18/18 MP: 2/2
   295 | D:3      | Found a faded altar of an unknown god.
   310 | D:3      | Prayed at the altar of an unknown god.
   310 | D:3      | Became a worshipper of Fedhas Madash
   310 | D:3      | Reached * piety under Fedhas
   493 | D:2      | Reached skill level 1 in Ranged Weapons
   493 | D:2      | Reached XP level 3. HP: 23/23 MP: 3/3
  1523 | D:2      | Reached ** piety under Fedhas
  1544 | D:2      | Reached XP level 4. HP: 28/28 MP: 4/4
  1769 | D:2      | Found Loox's Weapon Shop.
  2176 | D:3      | Found a bloodstained altar of Trog.
  2207 | D:3      | Noticed Terence
  2222 | D:3      | Killed Terence
  2223 | D:3      | Reached skill level 1 in Invocations
  2301 | D:3      | Noticed Grinder
  2317 | D:3      | Paralysed by Grinder for 5 turns
  2417 | D:4      | Reached XP level 5. HP: 17/33 MP: 3/6
  2631 | D:4      | Learned a level 4 spell: Summon Lightning Spire
  2664 | D:4      | Reached XP level 6. HP: 38/38 MP: 7/7
  2678 | D:4      | Identified the ring "Fitwusit" {Fire rElec Str-4 Int+5}
  2712 | D:4      | Found an opulent altar of Gozag.
  2721 | D:4      | Noticed a black bear
  2729 | D:4      | Killed a black bear
  2729 | D:4      | Reached *** piety under Fedhas
  2730 | D:4      | Reached skill level 1 in Summonings
  2730 | D:4      | Reached skill level 1 in Air Magic
  2765 | D:4      | Found a runed translucent door.
  2777 | D:4      | Noticed Sigmund
  2790 | D:4      | Killed Sigmund
  2791 | D:4      | Reached skill level 1 in Spellcasting
  2791 | D:4      | Reached XP level 7. HP: 25/43 MP: 6/9
  2891 | D:4      | Reached skill level 2 in Summonings
  3349 | D:4      | Noticed brujo666's ghost (amateur TrFi)
  3358 | D:5      | Entered Level 5 of the Dungeon
  3390 | D:5      | Found Tawam's Firing Range.
  3408 | D:5      | Reached skill level 5 in Ranged Weapons
  3571 | D:5      | Reached **** piety under Fedhas
  3607 | D:5      | Reached XP level 8. HP: 47/48 MP: 11/11
  3626 | D:5      | Found a white marble altar of Elyvilon.
  3761 | D:5      | Reached skill level 3 in Summonings
  3814 | D:5      | Noticed Menkaure
  3822 | D:5      | Killed Menkaure
  4144 | D:5      | Found a hazy altar of Hepliaklqana.
  4719 | D:6      | Reached skill level 5 in Invocations
  4868 | D:6      | Reached skill level 4 in Summonings
  4868 | D:6      | Reached XP level 9. HP: 46/53 MP: 11/14
  5228 | D:6      | Learned a level 5 spell: Summon Forest
  6033 | D:7      | Learned a level 2 spell: Wereblood
  6051 | D:7      | Reached ***** piety under Fedhas
  6338 | D:7      | Killed an unseen horror
  6339 | D:7      | Reached skill level 5 in Summonings
  6339 | D:7      | Reached skill level 5 in Air Magic
  6340 | D:7      | Found an iron altar of Okawaru.
  6455 | D:7      | Found a staircase to the Ecumenical Temple.
  6476 | D:7      | Noticed Prince Ribbit
  6485 | D:7      | Killed Prince Ribbit
  6604 | D:7      | Reached skill level 1 in Translocations
  6984 | D:8      | Noticed an orc sorcerer
  7075 | D:8      | Noticed Pikel
  7167 | D:9      | Reached XP level 10. HP: 58/58 MP: 11/17
  7182 | D:9      | Reached skill level 5 in Spellcasting
  7572 | D:9      | Found a staircase to the Orcish Mines.
  7774 | D:9      | Reached skill level 6 in Summonings
  8059 | D:9      | Noticed a purple ugly thing
  8076 | D:9      | Killed a purple ugly thing
  8270 | D:9      | Noticed a manticore
  8282 | D:9      | Killed a manticore
  8323 | D:9      | Reached skill level 7 in Summonings
  8513 | D:9      | Identified the +2 spear of Megalomania {speed, Int+4}
  9079 | D:10     | Entered Level 10 of the Dungeon
  9123 | D:10     | Reached skill level 5 in Translocations
  9126 | D:10     | Reached skill level 1 in Staves
  9126 | D:10     | Reached XP level 11. HP: 50/63 MP: 10/18
  9190 | D:10     | Learned a level 7 spell: Summon Hydra
  9596 | D:10     | Noticed Amaemon
  9607 | D:10     | Killed Amaemon
  9695 | D:10     | Found Booguvu's Assorted Antiques.
  9700 | D:10     | Bought a potion of curing for 87 gold pieces
  9700 | D:10     | Bought a scroll of fear for 116 gold pieces
 10048 | D:10     | Reached skill level 8 in Summonings
 10845 | D:8      | Noticed Rrauwl's ghost (novice DrHu)
 11107 | D:8      | Killed an orc sorcerer
 11117 | D:8      | Found a runed translucent door.
 11349 | D:8      | Found a glowing silver altar of Zin.
 11591 | D:8      | Found a staircase to the Lair.
 11687 | D:8      | Killed Pikel
 11695 | D:8      | Learned a level 4 spell: Airstrike
 11822 | D:8      | Killed Rrauwl's ghost
 12056 | D:11     | Noticed a cyclops
 12065 | D:11     | Killed a cyclops
 12066 | D:11     | Reached skill level 5 in Evocations
 12071 | D:11     | Reached XP level 12. HP: 63/68 MP: 7/21
 12314 | D:11     | Noticed a two-headed ogre
 12319 | D:11     | Killed a two-headed ogre
 12373 | D:11     | Found a corrupted altar of Lugonu.
 12384 | D:11     | Reached skill level 9 in Summonings
 12849 | D:12     | Reached ****** piety under Fedhas
 13262 | D:12     | Found Ilyafeby's Weapon Shop.
 13263 | D:12     | Noticed a two-headed ogre
 13268 | D:12     | Killed a two-headed ogre
 13921 | D:12     | Reached skill level 10 in Summonings
 14057 | D:13     | Noticed a thrashing horror
 14057 | D:13     | Found a transporter.
 14058 | D:13     | Noticed a tentacled starspawn
 14058 | D:13     | Noticed a cyan very ugly thing
 14059 | D:13     | Found a corrupted altar of Lugonu.
 14059 | D:13     | Noticed a tentacled starspawn
 14061 | D:13     | Noticed a large abomination
 14061 | D:13     | Noticed a red very ugly thing
 14098 | D:13     | Reached skill level 5 in Staves
 14192 | D:13     | You fall into a shaft and drop 1 floor!
 14391 | Orc:1    | Entered Level 1 of the Orcish Mines
 14392 | Orc:1    | Noticed Maurice
 14416 | Orc:1    | Killed Maurice
 14662 | Orc:2    | Entered Level 2 of the Orcish Mines
 14687 | Orc:2    | Noticed an orc high priest
 14692 | Orc:2    | Killed an orc high priest
 14693 | Orc:2    | Reached skill level 11 in Summonings
 14700 | Orc:2    | Noticed an orc high priest
 14702 | Orc:2    | Noticed an orc high priest
 14703 | Orc:2    | Killed an orc high priest
 14704 | Orc:2    | Killed an orc high priest
 14705 | Orc:2    | Reached XP level 13. HP: 47/72 MP: 1/22
 14705 | Orc:2    | Noticed Rupert
 14829 | Lair:1   | Entered Level 1 of the Lair of Beasts
 14859 | Lair:1   | Noticed Urug
 14887 | D:8      | Identified 2 scrolls of acquirement
 14887 | D:8      | Acquired the +0 hat "Imarhem" {Will- Regen+ rCorr Dex+4}
 14889 | D:8      | Acquired 485 gold pieces
 15106 | Lair:1   | Killed Urug
 15247 | Lair:1   | Reached skill level 12 in Summonings
 15987 | Lair:1   | Noticed Sonja
 15993 | Lair:1   | Killed Sonja
 15994 | Lair:1   | Reached skill level 13 in Summonings
 16218 | Lair:1   | Noticed Maggie
 16234 | Lair:1   | Killed Maggie
 16489 | Lair:2   | Found a staircase to the Swamp.
 16499 | Lair:2   | Found a gate leading to a gauntlet.
 16510 | Gauntlet | Entered a Gauntlet
 16510 | Gauntlet | Found a transporter.
 16510 | Gauntlet | Found a transporter.
 16510 | Gauntlet | Found a transporter.
 16516 | Gauntlet | Found a transporter.
 16519 | Gauntlet | Found a transporter.
 16521 | Gauntlet | Found a large runed translucent door.
 16522 | Gauntlet | Found a large runed translucent door.
 16523 | Gauntlet | Found a large runed translucent door.
 16523 | Gauntlet | Found a large runed translucent door.
 16523 | Gauntlet | Found a runed translucent door.
 16524 | Gauntlet | Found a large runed translucent door.
 16524 | Gauntlet | Found a runed translucent door.
 16525 | Gauntlet | Found a large runed translucent door.
 16525 | Gauntlet | Found a large runed translucent door.
 16525 | Gauntlet | Found a large runed translucent door.
 16525 | Gauntlet | Found a large runed translucent door.
 16525 | Gauntlet | Found a large runed translucent door.
 16526 | Gauntlet | Found a large runed translucent door.
 16526 | Gauntlet | Found a large runed translucent door.
 16526 | Gauntlet | Found a large runed translucent door.
 16526 | Gauntlet | Found a large runed translucent door.
 16527 | Gauntlet | Found a large runed translucent door.
 16528 | Gauntlet | Found a large runed translucent door.
 16529 | Gauntlet | Found a transporter.
 16531 | Gauntlet | Found a transporter.
 16537 | Gauntlet | Found a transporter.
 16543 | Gauntlet | Found a transporter.
 16549 | Gauntlet | Found a runed translucent gate.
 16549 | Gauntlet | Found a runed translucent gate.
 16550 | Gauntlet | Found a runed translucent gate.
 16573 | Gauntlet | Found a transporter.
 16574 | Gauntlet | Found a transporter.
 16620 | Gauntlet | Found a transporter.
 17288 | Gauntlet | Identified the +8 long sword of Wu Jian's Pride {flame,
                  | rCorr}
 17288 | Gauntlet | Noticed a minotaur
 17298 | Gauntlet | Killed a minotaur
 17797 | Lair:2   | Reached skill level 14 in Summonings
 18504 | Lair:2   | Found an ornate altar of the Wu Jian Council.
 18509 | Lair:2   | Found a hide-covered altar of Uskayaw.
 18839 | Lair:3   | Reached XP level 14. HP: 33/79 MP: 21/23
 19137 | Lair:3   | Reached skill level 15 in Summonings
 19186 | Lair:3   | Found a staircase to the Snake Pit.
 20908 | Lair:4   | Found a runed translucent door.
 20908 | Lair:4   | Found a viscous altar of Jiyva.
 20910 | Lair:4   | Found a staircase to the Slime Pits.
 20910 | Lair:4   | Noticed an azure jelly
 20910 | Lair:4   | Noticed an azure jelly
 21230 | Lair:5   | Entered Level 5 of the Lair of Beasts
 21520 | Lair:5   | Reached skill level 16 in Summonings
 21787 | Lair:5   | Reached skill level 17 in Summonings
 22237 | Lair:5   | Reached XP level 15. HP: 46/83 MP: 7/24
 22750 | Lair:5   | Reached skill level 18 in Summonings
 23002 | Lair:5   | Slain by a catoblepas

Illustrated notes

Levels and vault maps discovered:
D:1:      dpeg_arrival_subterranean_lakeside_camping, layout_basic
D:2:      layout_loops_ring, serial_shops, nicolae_shop_bloodbath_and_beyond
D:3:      layout_loops_ring, mainiacjoe_overflow_concentric_impassable,
          chequers_ecumenical_altar_simple, uniq_terence, uniq_grinder
D:4:      layout_loops_ring, nicolae_overflow_hidden_temple,
          ebering_ghost_sewer_d, serial_undead, serial_undead_c,
          serial_undead_d, serial_undead_b, serial_undead_c, uniq_sigmund
D:5:      layout_gridville, elyvilon_altar_5, worldfamousw_hep_ancestral_shrine,
          nicolae_shop_firing_range, uniq_menkaure
D:6:      layout_basic
D:7:      layout_loops_cross, okawaru_trees_1, minmay_temple_entry_arrows,
          serial_rivers, chequers_serial_rivers_small_b,
          chequers_serial_rivers_large_b, chequers_serial_rivers_large_a,
          chequers_serial_rivers_room_b, chequers_serial_rivers_micro_b,
          chequers_serial_rivers_small_3, uniq_prince_ribbit1
D:8:      cheibrodos_wizards_tower, layout_basic, zin_scriptorium,
          david_lair_shrubbed, hellmonk_ghost_happy_afterlife, uniq_pikel
D:9:      minmay_general_purpose_star, layout_basic, orc_0_dummy,
          minmay_diamond_spiral
D:10:     layout_basic, serial_shops, kennysheep_little_box, hex_intersection,
          uniq_amaemon
D:11:     kennysheep_kobold_lugonu_temple, layout_loops_ring
D:12:     layout_cave_pods, serial_shops, nicolae_diamond_shop
D:13:     gammafunk_corrupted_shrine, layout_long_grid, erik_vaults_2,
          ebering_ghost_xom, argonaut_gorgonesque
D:14:     layout_roguey, hangedman_decor_opposing, hangedman_ru_absence
Lair:1:   layout_layer_cave, nicolae_lair_grazing_beasts
          [nicolae_sub_lair_graze_edge, nicolae_sub_lair_graze_edge,
          nicolae_sub_lair_graze_edge, nicolae_sub_lair_graze_edge],
          serial_bayou_shore_b, uniq_maggie, uniq_urug, uniq_sonja
Lair:2:   layout_chaotic_city, swamp_mist_pool, gauntlet_entry_generic,
          nzn_masters_of_martial_movement
Lair:3:   layout_roguey, minmay_snake_entry_guardpost_small, hibernation_bobbens
Lair:4:   layout_cave_pods, slime_entry_2
Lair:5:   evilmike_catoblepas_cave, layout_cave_shapes,
          kennysheep_basilisk_garden, lemuel_fruit_tree
Orc:1:    layout_diamond_mine, uniq_maurice
Orc:2:    st_orc_mages, layout_caves, serial_shops, shop,
          nicolae_orc_sculptors_studio, uniq_rupert

Skill      XL: |  1  2  3  4  5  6  7  8  9 10 11 12 13 14 15 |
---------------+----------------------------------------------+-----
Unarmed Combat | 1 2 |  2.2
Ranged Weapons | 1 2 3 4 5 6 7 |  7.4
Invocations    | 1 2 3 4 5 6 7 8 9 |  9.0
Summonings     | 1 2 4 5 7 8 11 14 17 18 | 18.0
Air Magic      | 1 2 4 5 6 7 |  7.0
Spellcasting   | 1 2 3 4 5 6 |  6.0
Translocations | 1 5 7 |  7.0
Staves         | 1 3 6 8 |  8.3
Evocations     | 5 6 |  6.0
Dodging        | 4 |  4.4
Fighting       | 3 |  3.7
Stealth        | |  1.3

Action                     |  1- 3 |  4- 6 |  7- 9 | 10-12 | 13-15 || total
---------------------------+-------+-------+-------+-------+-------++-------
  Melee: Unarmed           |    33 |       |       |       |       ||    33
         Constrict         |    10 |    16 |    47 |    28 |    19 ||   120
         Tentacles         |     6 |    21 |    46 |    52 |    49 ||   174
         Dagger            |       |    72 |   184 |    54 |       ||   310
         Punch             |       |     1 |     6 |     4 |     5 ||    16
         Short sword       |       |       |    10 |       |       ||    10
         Staff             |       |       |       |   101 |   166 ||   267
   Fire: Sling             |    91 |    87 |    10 |    14 |       ||   202
   Cast: Summon Lightning  |       |       |     1 |    54 |    62 ||   117
         Wereblood         |       |       |     1 |       |     1 ||     2
         Airstrike         |       |       |       |    48 |    25 ||    73
         Summon Forest     |       |       |       |    11 |    40 ||    51
         Summon Hydra      |       |       |       |       |    30 ||    30
 Invoke: Wall of Briars    |       |       |       |     2 |       ||     2
         Overgrow          |       |       |       |     1 |     2 ||     3
         Grow Oklob        |       |       |       |     1 |     1 ||     2
         Grow Ballistomyce |       |       |       |       |     1 ||     1
  Evoke: Wand              |     1 |     3 |    32 |    22 |     7 ||    65
    Use: Scroll            |       |     4 |     1 |    12 |    19 ||    36
         Potion            |       |     1 |     1 |     5 |     4 ||    11
   Stab: Sleeping          |     6 |     1 |    12 |     2 |     1 ||    22
         Distracted        |       |       |       |     8 |     2 ||    10
 Armour: Skin              |     6 |    22 |    68 |    23 |    23 ||   142
  Dodge: Dodged            |    58 |    99 |   133 |   124 |    93 ||   507

Table legend: (Time is in decaauts)
 A = Elapsed time spent in this place.
 B = Non-inter-level travel time spent in this place.
 C = Inter-level travel time spent in this place.
 D = Time resting spent in this place.
 E = Time spent auto-exploring this place.
 F = Levels seen in this place.
 G = Mean time per level.
                   A        B        C        D        E       F      G
               +--------+--------+--------+--------+--------+-----+--------+
         Total |  23070 |  22046 |   1024 |   2546 |  15561 |  22 | 1048.6 |
       Dungeon |  14597 |  13858 |    739 |   1470 |  10062 |  14 | 1042.6 |
          Lair |   7323 |   7063 |    260 |    716 |   5304 |   5 | 1464.6 |
  Orcish Mines |    324 |    301 |     23 |      6 |    194 |   2 |  162.0 |
      Gauntlet |    824 |    824 |      0 |    354 |      0 |   1 |  824.0 |
               +--------+--------+--------+--------+--------+-----+--------+

Top non-repeatable levels by time:
     D:9: 2128 daAuts
  Lair:1: 1843 daAuts
  Lair:5: 1689 daAuts
    D:10: 1591 daAuts
     D:6: 1525 daAuts
  Lair:3: 1518 daAuts
     D:8: 1478 daAuts
    D:12: 1265 daAuts
  Lair:2: 1193 daAuts
     D:7: 1111 daAuts
     D:1: 1105 daAuts
  Lair:4: 1079 daAuts
     D:4: 1022 daAuts
     D:5: 1017 daAuts
     D:2: 904 daAuts
